 Dungeon Crawl Stone Soup version 0.28-a0-194-g42b4daccc1 (webtiles) character file.

Game seed: 6474983597538311910

33 bande the Covered (level 3, -6/23 HPs)
             Began as a Gargoyle Fighter on Aug 19, 2021.
             Mangled by a scorpion (7 damage)
             ... on level 1 of the Dungeon.
             The game lasted 00:02:08 (1088 turns).

bande the Covered (Gargoyle Fighter)                Turns: 1088, Time: 00:02:09

Health: -6/23      AC: 10    Str: 19    XL:     3   Next: 29%
Magic:  3/3        EV:  7    Int:  8    God:
Gold:   37         SH:  8    Dex: 10    Spells: 2/2 levels left

rFire   . . .      SeeInvis .   a - +0 war axe
rCold   . . .      Faith    .   c - +0 kite shield
rNeg    + . .      Spirit   .   b - +0 scale mail
rPois   ∞          Reflect  .   (no helmet)
rElec   +          Harm     .   (no cloak)
rCorr   .          Rampage  .   (no gloves)
Will    .....                   (no boots)
Stlth   ..........              (no amulet)
HPRegen 0.07/turn               (no ring)
MPRegen 0.08/turn               (no ring)

@: no status effects
A: sickness immunity, AC +3, negative energy resistance 1, electricity
resistance, torment resistance 1, petrification resistance
a: no special abilities


You were on level 1 of the Dungeon.
You visited 1 branch of the dungeon, and saw 2 of its levels.

You collected 37 gold pieces.

Inventory:

Hand Weapons
 a - a +0 war axe (weapon)
Armour
 b - a +0 scale mail (worn)
 c - a +0 kite shield (worn)
Potions
 d - a potion of might
 f - 2 potions of resistance {unknown}


   Skills:
 + Level 3.4 Fighting
 + Level 2.3(2.4) Axes
 * Level 0.7(1.6) Polearms
 + Level 3.7 Armour
 + Level 0.1 Dodging
 + Level 3.4 Shields


You had 2 spell levels left.
You didn't know any spells.
Your spell library contained the following spells:

 Spells                   Type           Power      Damage    Failure   Level
 Sting                    Tmut/Pois      0%         1d3       99%         1
 Poisonous Vapours        Pois/Air       0%         N/A       100%        2
 Olgreb's Toxic Radiance  Pois           0%         N/A       100%        4


Dungeon Overview and Level Annotations

Branches:
Dungeon (2/15)

Altars:

Shops:
D:2 (


Innate Abilities, Weirdness & Mutations

You are immune to sickness and miasma.
Your stone body is resilient. (AC +3)
You are immune to poison.
You resist negative energy. (rN+)
You are resistant to electric shocks. (rElec)
You are resistant to unholy torment.
You are immune to petrification.


Message History

You block the scorpion's attack. The scorpion closely misses you.
You closely miss the scorpion.
The scorpion is severely wounded.
You block the scorpion's attack.
A goblin comes into view. It is wielding a +0 club.
The scorpion stings you.
You are too injured to fight recklessly!
You are too injured to fight recklessly!
You are too injured to fight recklessly!
You are too injured to fight recklessly!
You are too injured to fight recklessly!
You are too injured to fight recklessly!
You are too injured to fight recklessly!
You are too injured to fight recklessly!
Unknown command.
Unknown command.
The goblin shouts!
Found a stone staircase leading up.
The scorpion stings you.
There is an entrance to Dicvudd's Weapon Boutique here.
You block the scorpion's attack.
The scorpion stings you but does no damage.
The scorpion stings you.
The scorpion stings you but does no damage.
There is a stone staircase leading up here.
The scorpion stings you.
* * * LOW HITPOINT WARNING * * *
You climb upwards.
There is a stone staircase leading down here.
You hit the scorpion but do no damage.
The scorpion is severely wounded.
The scorpion barely misses you. The scorpion stings you.
* * * LOW HITPOINT WARNING * * *
You barely miss the scorpion.
The scorpion is heavily wounded.
The scorpion stings you but does no damage. x2
You completely miss the scorpion.
The scorpion is heavily wounded.
You block the scorpion's attack. The scorpion stings you!
You die...

#.......)..........
#...............###
#...............##.
#..................
#..................
##.............#..#
######.....#..........
#....s................
#....@...P#≈#P.....P#≈
#.......P##≈##P...P##≈
#........≈≈≈≈≈..<..≈≈≈
#.......P##≈##P...P##≈
#........P#≈#P.....P#≈
#######...............
##...#..#..........
#......##.#........
##...####..#..#.....


You could see a scorpion.

Vanquished Creatures
  3 bats
  2 endoplasms (D:1)
  A giant cockroach (D:1)
  5 goblins (D:1)
  4 hobgoblins (D:1)
  4 jackals (D:1)
  2 quokkas (D:1)
  3 ball pythons
  A frilled lizard (D:1)
  4 rats (D:1)
29 creatures vanquished.

Notes
Turn   | Place    | Note
-------+----------+-------------------------------------------
     0 | D:1      | bande the Gargoyle Fighter began the quest for the Orb.
     0 | D:1      | Reached XP level 1. HP: 14/14 MP: 1/1
   306 | D:1      | Found a faded altar of an unknown god.
   322 | D:1      | Reached XP level 2. HP: 19/19 MP: 2/2
   758 | D:1      | Reached XP level 3. HP: 23/23 MP: 3/3
  1050 | D:2      | Found Dicvudd's Weapon Boutique.
  1059 | D:2      | Noticed a scorpion
  1086 | D:1      | HP: 1/23 [scorpion (6)]
  1088 | D:1      | Mangled by a scorpion

Illustrated notes

Levels and vault maps discovered:
D:1:      eino_arrival_water_cross, layout_rooms, ebering_ecumenical_altar_webs
D:2:      layout_loops_ring, serial_shops, shop, nicolae_diamond_shop,
          nicolae_shop_stone, shop, serial_forest, infiniplex_forest_clump_long,
          infiniplex_forest_end_2, infiniplex_forest_fountain,
          infiniplex_forest_clump_curved, infiniplex_forest_straight_2,
          infiniplex_forest_end_3, infiniplex_forest_corner_1,
          infiniplex_forest_straight_2, small_statue_intersection

Skill      XL: |  1 |
---------------+----+-----
Axes           | 2 |  2.3
Fighting       | |  3.4
Polearms       | |  0.7
Armour         | |  3.7
Dodging        | |  0.1
Shields        | |  3.4

Action                   || total
-------------------------++-------
Melee: War axe           ||    76
  Use: Scroll            ||     1
Armor: Scale mail        ||    72
Dodge: Dodged            ||    49
Block: Kite shield       ||    46

Table legend: (Time is in decaauts)
 A = Elapsed time spent in this place.
 B = Non-inter-level travel time spent in this place.
 C = Inter-level travel time spent in this place.
 D = Time resting spent in this place.
 E = Time spent auto-exploring this place.
 F = Levels seen in this place.
 G = Mean time per level.
                   A        B        C        D        E       F      G
               +--------+--------+--------+--------+--------+-----+--------+
         Total |   1135 |   1135 |      0 |    225 |    654 |   2 |  567.5 |
       Dungeon |   1135 |   1135 |      0 |    225 |    654 |   2 |  567.5 |
               +--------+--------+--------+--------+--------+-----+--------+

Top non-repeatable levels by time:
     D:1: 1088 daAuts
     D:2: 47 daAuts
